 Dungeon Crawl Stone Soup version 0.27.0-1-g7a089689b8 (webtiles) character file.

Game seed: 15199940139175621333

35 sanka the Conjurer (level 3, 0/29 HPs)
             Began as a Ghoul Conjurer on Aug 8, 2021.
             Slain by an adder (4 damage)
             ... on level 1 of the Dungeon.
             The game lasted 00:02:29 (1977 turns).

sanka the Conjurer (Ghoul Conjurer)                 Turns: 1977, Time: 00:02:30

Health: 0/29       AC:  2    Str: 10    XL:     3   Next: 33%
Magic:  1/5        EV: 11    Int: 14    God:
Gold:   79         SH:  0    Dex:  7    Spells: 2/6 levels left

rFire    . . .     SeeInvis .   (no weapon)
rCold    + . .     Faith    .   (no shield)
rNeg     + + +     Spirit   .   a - +0 robe
rPois    ∞         Reflect  .   (no helmet)
rElec    .         Harm     .   (no cloak)
rCorr    .         Rampage  .   (no gloves)
Will     .....                  (no boots)
Stlth    ++........             (no amulet)
HPRegen  0.00/turn              (no ring)
MPRegen  0.09/turn              (no ring)

@: flying, inhibited regen
A: claws 1, cold resistance 1, negative energy resistance 3, inhibited
regeneration, torment resistance 2
a: no special abilities


You were on level 1 of the Dungeon.
You visited 1 branch of the dungeon, and saw 2 of its levels.

You collected 79 gold pieces.


Innate Abilities, Weirdness & Mutations

You thrive by killing the living.
You are immune to poison.
You have sharp fingernails.
Your flesh is cold resistant. (rC+)
You are immune to negative energy. (rN+++)
You do not regenerate when monsters are visible.
You are immune to unholy pain and torment.


   Skills:
 - Level 2.2 Fighting
 - Level 1.7 Dodging
 - Level 2.1 Stealth
 - Level 2.0 Spellcasting
 + Level 3.5 Conjurations
 + Level 0.7 Ice Magic


You had 2 spell levels left.
You knew the following spells:

 Your Spells              Type           Power      Damage    Failure   Level
x - Searing Ray           Conj           22%        3d3       9%          2
y - Freeze                Ice            12%        1d4       19%         1
z - Magic Dart            Conj           44%        1d5       5%          1

Your spell library contained the following spells:

 Spells                   Type           Power      Damage    Failure   Level
 Dazzling Flash           Conj/Hex       12%        N/A       34%         3
 Mephitic Cloud           Conj/Pois/Air  4%         N/A       41%         3
 Frozen Ramparts          Ice            6%         1d2       47%         3
 Ozocubu's Armour         Ice            3%         N/A       47%         3
 Ignite Poison            Fire/Tmut/Pois 1%         N/A       56%         3
 Hailstorm                Conj/Ice       7%         3d4       69%         4
 Fulminant Prism          Conj/Hex       3%         3d6       75%         4
 Iskenderun's Mystic Bla  Conj/Tloc      6%         2d4       75%         4
 Bolt of Magma            Conj/Fire/Erth 2%         4d4       99%         5
 Ozocubu's Refrigeration  Ice            1%         4d5       100%        7

Inventory:

Hand Weapons
 e - a +0 spear
Armour
 a - a +0 robe (worn)
Scrolls
 c - a scroll of torment {unknown}
 d - 2 scrolls of teleportation {unknown}
Potions
 b - a potion of berserk rage {!q}

Dungeon Overview and Level Annotations

Branches:
Dungeon (2/15)

Altars:

▒ ▒.▒
▒▒▒▒▒▒▒▒▒........
▒▒ ▒.▒ ▒▒.▒▒▒▒▒▒
.▒ ▒.▒ ▒.▒ ▒▒ ▒.▒
▒.▒ ▒
▒.▒▒▒▒▒▒▒▒▒▒▒▒
▒.▒▒▒▒▒▒
▒....>......(▒
▒.......
▒▒▒▒▒▒▒▒▒▒▒▒.▒
▒.▒▒▒▒▒▒ ▒S▒ ▒.▒ ▒
▒n▒ ▒.▒ ▒ ▒▒ ▒.▒
▒.▒ ▒ .▒▒▒▒▒▒▒▒
▒.▒ ▒.▒ ▒
........▒▒▒▒▒ ▒.▒
▒▒▒▒▒▒▒.▒ ▒
.▒▒▒▒▒▒.....▒▒▒▒.▒
▒.......▒ ▒
▒▒▒..............▒
▒.▒▒▒▒▒▒▒ ▒ ▒
▒.▒▒▒▒▒▒▒.▒▒▒▒▒▒
▒.▒ ▒ ▒ ▒.▒ ▒.▒
▒.▒ ▒▒▒ ▒ ▒.▒ ▒.▒
▒.▒ ▒..


You could see an adder.


Message History

The adder misses you.
The magic dart hits the adder.
The adder is moderately wounded.
The adder closely misses you. The adder bites you.
There is a stone staircase leading up here.
The adder bites you.
You climb upwards.
Your magical contamination has completely faded away.
There is a stone staircase leading down here.
The adder bites you.
Aiming: Freeze (safe; 19% risk of failure)
Aim: an adder (moderately wounded)
You freeze the adder.
The adder is heavily wounded.
The adder bites you.
* * * LOW HITPOINT WARNING * * *
The adder bites you but does no damage. The adder bites you.
* * * LOW HITPOINT WARNING * * *
The adder bites you.
* * * LOW HITPOINT WARNING * * *
It was a potion of berserk rage.
You feel slightly irritated. The adder barely misses you.
It was a potion of flight.
You feel very buoyant.
You fly up into the air.
The adder bites you.
You die...

Action                   || total
-------------------------++-------
Melee: Unarmed           ||    90
 Cast: Magic Dart        ||    44
       Freeze            ||     1
  Use: Potion            ||     2
Armor: Robe              ||    19
Dodge: Dodged            ||    83

Levels and vault maps discovered:
D:1:      kilobyte_arrival_exit_the_forest, layout_loops_ring
D:2:      layout_loops_cross, supply_closet_lemuel, chequers_serial_rivers_marsh

Notes
Turn   | Place    | Note
-------+----------+-------------------------------------------
     0 | D:1      | sanka the Ghoul Conjurer began the quest for the Orb.
     0 | D:1      | Reached XP level 1. HP: 14/14 MP: 2/2
   351 | D:1      | Reached skill level 1 in Fighting
   383 | D:1      | Reached XP level 2. HP: 21/24 MP: 0/3
   454 | D:1      | Reached skill level 2 in Fighting
  1164 | D:1      | Reached skill level 2 in Spellcasting
  1204 | D:1      | Learned a level 1 spell: Freeze
  1207 | D:1      | Learned a level 2 spell: Searing Ray
  1211 | D:1      | Reached XP level 3. HP: 29/29 MP: 2/5
  1977 | D:1      | Slain by an adder

Vanquished Creatures
  2 ball pythons (D:1)
  5 endoplasms (D:1)
  3 giant cockroaches (D:1)
  A goblin (D:1)
  3 hobgoblins (D:1)
  5 jackals
  A quokka (D:1)
  2 bats (D:1)
  A frilled lizard (D:1)
  3 kobolds (D:1)
  3 rats (D:1)
29 creatures vanquished.
